 Dungeon Crawl Stone Soup version 0.19.5 (webtiles) character file.

21 tidbits the Ducker (level 2, -1/20 HPs)
             Began as a High Elf Wanderer on Aug 8, 2017.
             Was an Initiate of Okawaru.
             Slain by Natasha (4 damage)
             ... on level 2 of the Dungeon.
             The game lasted 00:04:39 (452 turns).

tidbits the Ducker (High Elf Wanderer)               Turns: 452, Time: 00:04:40

Health: -1/20      AC:  5    Str: 12    XL:     2   Next: 65%
Magic:  3/3        EV: 11    Int: 14    God:    Okawaru [......]
Gold:   52         SH:  0    Dex: 14    Spells: 0 memorised, 1 level left

rFire  . . .     SeeInvis .     a - +2 hand crossbow
rCold  . . .     Gourm    .     c - +0 ring mail
rNeg   . . .     Faith    .     (no shield)
rPois  .         Spirit   .     (no helmet)
rElec  .         Reflect  .     (no cloak)
rCorr  .         Harm     .     (no gloves)
MR     .....                    (no boots)
Stlth  ++........               (no amulet)
                                (no ring)
                                l - ring of stealth

@: invisible
A: no striking features
a: Renounce Religion


You were on level 2 of the Dungeon.
You worshipped Okawaru.
Okawaru was noncommittal.
You were not hungry.

You visited 1 branch of the dungeon, and saw 2 of its levels.

You collected 52 gold pieces.

Inventory:

Hand Weapons
 a - a +2 hand crossbow (weapon)
 e - a +0 hand axe of flaming
   (You found it on level 1 of the Dungeon)
 n - a +0 short sword
   (You took it off a kobold on level 2 of the Dungeon)
Missiles
 b - 12 bolts (quivered)
 g - 74 stones
Armour
 c - a +0 ring mail (worn)
Jewellery
 l - a ring of stealth (left hand)
   (You found it on level 2 of the Dungeon)
Scrolls
 k - a scroll of teleportation {unknown}
 m - a scroll of enchant armour {unknown}
Potions
 d - a potion of lignification
 i - a potion of magic {unknown}
 j - a potion of resistance {unknown}
Comestibles
 f - 2 bread rations
 o - a chunk of flesh


   Skills:
 + Level 2.4 Fighting
 - Level 2.4 Short Blades
 - Level 3.0 Crossbows
 - Level 1.0 Throwing
 - Level 3.2 Dodging
   Level 1.0 Evocations


You had one spell level left.
You didn't know any spells.

Dungeon Overview and Level Annotations

Branches:
Dungeon (2/15)

Altars:
Okawaru

Annotations:
D:2 Natasha


Message History

You kill the kobold!
Okawaru accepts your kill. The goblin closely misses you.
Firing (i - inventory. (,) - cycle):
b - 17 bolts (quivered)
Press: ? - help, Shift-Dir - straight line, f - goblin
Aim: a goblin You shoot a bolt.
The bolt hits the goblin.
The goblin is severely wounded.
The goblin barely misses you.
Firing (i - inventory. (,) - cycle):
b - 16 bolts (quivered)
Press: ? - help, Shift-Dir - straight line, f/p - goblin
Aim: a goblin (severely wounded)
You shoot a bolt. The bolt hits the goblin.
You kill the goblin!
Okawaru accepts your kill.
Things that are here:
2 bolts; a goblin corpse
Things that are here:
a short sword; a bolt; a kobold corpse
n - a short sword;
b - 16 bolts (gained 1)
Things that are here:
2 bolts; a goblin corpse
b - 18 bolts (gained 2)
You butcher the goblin corpse.
You see here a chunk of flesh.
o - a chunk of flesh You see here a bolt.
b - 19 bolts (gained 1)
You see here a bat corpse.
A giant cockroach comes into view.
Firing (i - inventory. (,) - cycle):
b - 19 bolts (quivered)
Press: ? - help, Shift-Dir - straight line, f - giant cockroach
Aim: a giant cockroach (clinging, resting)
You shoot a bolt. The bolt hits the giant cockroach.
The giant cockroach is heavily wounded.
Firing (i - inventory. (,) - cycle):
b - 18 bolts (quivered)
Press: ? - help, Shift-Dir - straight line, f/p - giant cockroach
Aim: a giant cockroach (heavily wounded, clinging)
You shoot a bolt. The bolt hits the giant cockroach!
You kill the giant cockroach!
Okawaru accepts your kill.
Things that are here:
a bolt; a giant cockroach corpse
b - 18 bolts (gained 1)
You see here a bolt.
b - 19 bolts (gained 1)
Found a bubbling amethyst potion.
Natasha, Servant of Life and Death comes into view.
Firing (i - inventory. (,) - cycle):
b - 19 bolts (quivered)
Press: ? - help, Shift-Dir - straight line, f - Natasha
Aim: Natasha (resting)
You shoot a bolt. The bolt hits Natasha.
Natasha hisses angrily.
Natasha is moderately wounded.
Natasha drinks a potion.
Natasha suddenly seems more agile.
Firing (i - inventory. (,) - cycle):
b - 18 bolts (quivered)
Press: ? - help, Shift-Dir - straight line, f/p - Natasha
Aim: Natasha (moderately wounded, unusually agile)
You shoot a bolt. The bolt barely misses Natasha.
Firing (i - inventory. (,) - cycle):
b - 17 bolts (quivered)
Press: ? - help, Shift-Dir - straight line, f/p - Natasha
Aim: Natasha (moderately wounded, unusually agile)
You shoot a bolt. The bolt hits Natasha.
Natasha is severely wounded.
Natasha claws you.
Firing (i - inventory. (,) - cycle):
b - 16 bolts (quivered)
Press: ? - help, Shift-Dir - straight line, f/p - Natasha
Aim: Natasha (severely wounded, unusually agile)
You shoot a bolt. The bolt barely misses Natasha.
Natasha stares at you and mumbles some strange words.
The magic dart hits you!
Natasha stares at you and mumbles some strange words.
You resist with significant effort.
Firing (i - inventory. (,) - cycle):
b - 15 bolts (quivered)
Press: ? - help, Shift-Dir - straight line, f/p - Natasha
Aim: Natasha (severely wounded, unusually agile)
You shoot a bolt. The bolt misses Natasha.
Natasha claws you.
* * * LOW HITPOINT WARNING * * *
Firing (i - inventory. (,) - cycle):
b - 14 bolts (quivered)
Press: ? - help, Shift-Dir - straight line, f/p - Natasha
Aim: Natasha (severely wounded, unusually agile)
You shoot a bolt. The bolt barely misses Natasha.
Natasha stares at you and mumbles some strange words.
You resist with significant effort.
Firing (i - inventory. (,) - cycle):
b - 13 bolts (quivered)
Press: ? - help, Shift-Dir - straight line, f/p - Natasha
Aim: Natasha (severely wounded, unusually agile)
You shoot a bolt. The bolt misses Natasha.
Natasha claws you.
* * * LOW HITPOINT WARNING * * *
Natasha barely misses you.
Firing (i - inventory. (,) - cycle):
b - 12 bolts (quivered)
Press: ? - help, Shift-Dir - straight line, f/p - Natasha
Aim: Natasha (severely wounded, unusually agile)
Okay, then.
It was a potion of invisibility.
You fade into invisibility!
Natasha mumbles some strange words.
Natasha glows brightly for a moment.
Natasha claws you.
You die...

...## ..# #... .#..##
#....# .......# .#...###
#...# ..####. .....#.#
#...# ## #.
.....#.####...## . #.
.#.###.##......# .# #.
..........##.#.###.###
#.
##.#####..##.........##.
..
#.#####..##....@h......
#.##........#.###.#.#!.
#.##.##....†..# (( #.##
#.####### .# #.. ...# #
### ..### #.#. . . .


You could see Natasha.

Vanquished Creatures
  4 bats
  A giant cockroach (D:2)
  3 hobgoblins (D:2)
  2 frilled lizards (D:1)
  3 goblins
  6 kobolds
  2 rats
21 creatures vanquished.

Notes
Turn   | Place    | Note
-------+----------+-------------------------------------------
     0 | D:1      | tidbits the High Elf Wanderer began the quest for the Orb.
     0 | D:1      | tidbits set off with: a +2 hand crossbow, 24 bolts, a +0 ring mail, a potion of lignification, a bread ration
     0 | D:1      | Reached XP level 1. HP: 11/11 MP: 2/2
    74 | D:1      | Reached skill level 1 in Fighting
   152 | D:1      | Reached XP level 2. HP: 17/18 MP: 3/3
   284 | D:2      | Reached skill level 2 in Fighting
   298 | D:2      | Found an iron altar of Okawaru.
   306 | D:2      | Became a worshipper of Warmaster Okawaru
   444 | D:2      | Noticed Natasha
   452 | D:2      | Slain by Natasha

Skill      XL: |  1  2 |
---------------+-------+-----
Fighting       | 1 2 |  2.4
Short Blades   | |  2.4
Crossbows      | |  3.0
Throwing       | |  1.0
Dodging        | |  3.2
Evocations     | |  1.0

Action                   || total
-------------------------++-------
 Fire: Hand crossbow     ||    56
  Use: Potion            ||     1
Armor: Ring mail         ||    11
Dodge: Dodged            ||    18

Table legend:
 A = Turns spent in this place as a percentage of turns spent in the entire game.
 B = Non-inter-level travel turns spent in this place as a percentage of non-inter-level travel turns spent in the entire game.
 C = Inter-level travel turns spent in this place as a percentage of turns spent in this place.
 D = Turns resting spent in this place as a percentage of non-inter-level travel turns spent in this place.
 E = Turns spent auto-exploring this place as a percentage of non-inter-level travel turns spent in this place.
 F = Non-inter-level travel turns spent in this place divided by the number of levels of this place that you've seen.
                   A       B       C       D       E      F
               +-------+-------+-------+-------+-------+----------------------
         Total | 100.0 | 100.0 |   0.0 |   0.0 |   0.0 | 213.5
       Dungeon | 100.0 | 100.0 |   0.0 |   0.0 |   0.0 | 213.5
               +-------+-------+-------+-------+-------+----------------------

Table legend:
 A = Kills in this place as a percentage of kills in entire the game.
 B = Kills by you in this place as a percentage of kills by you in the entire game.
 C = Kills by friends in this place as a percentage of kills by friends in the entire game.
 D = Other kills in this place as a percentage of other kills in the entire game.
 E = Experience gained in this place as a percentage of experience gained in the entire game.
 F = Experience gained in this place divided by the number of levels of this place that you have seen.
                   A       B       C       D       E      F
               +-------+-------+-------+-------+-------+----------------------
         Total | 100.0 | 100.0 |  -nan |  -nan | 100.0 |  15.5
       Dungeon | 100.0 | 100.0 |  -nan |  -nan | 100.0 |  15.5
               +-------+-------+-------+-------+-------+----------------------

Vault maps used:
D:1:      lemuel_arrival_cross
D:2:      kennysheep_six_static_rooms, okawaru_trees_1, minmay_small_reverse_x,
          uniq_natasha
